 Dungeon Crawl Stone Soup version 0.30.1-3-gfc49f6343a (webtiles) character file.

Game seed: 11973447173853808441

155 Heoruswealwe the Conjurer (level 5, -6/28 HPs)
             Began as a Deep Elf Conjurer on Aug 4, 2023.
             Mangled by a lemure (8 damage)
             ... led by Pikel
             ... on level 4 of the Dungeon.
             The game lasted 00:22:30 (2408 turns).

Heoruswealwe the Conjurer (Deep Elf Conjurer)       Turns: 2408, Time: 00:22:31

Health: -6/28      AC:  2    Str:  4    XL:     5   Next: 14%
Magic:  12/15      EV: 12    Int: 25    God:
Gold:   76         SH:  0    Dex: 13    Spells: 1/15 levels left

rFire   . . .        (no weapon)
rCold   . . .        (no shield)
rNeg    + . .        c - +0 robe
rPois   .            (no helmet)
rElec   .            (no cloak)
rCorr   .            (no gloves)
SInv    .            (no boots)
Will    +....        (no amulet)
Stlth   ++           k - ring of willpower
HPRegen 0.24/turn    j - ring of positive energy
MPRegen 0.14/turn

%: no passive effects
@: no status effects
A: no striking features
a: no special abilities


You were on level 4 of the Dungeon.
You visited 1 branch of the dungeon, and saw 4 of its levels.

You collected 76 gold pieces.

Inventory:

Armour
 c - a +0 robe (worn)
 p - a +0 robe
 q - a +0 robe
Jewellery
 j - a ring of positive energy (right hand)
 k - a ring of willpower (left hand)
Scrolls
 h - a scroll of poison
 l - a scroll of enchant weapon
 n - a scroll of teleportation
 o - 2 scrolls of magic mapping
 s - a scroll of blinking
 t - 2 scrolls of fog {unknown}
Potions
 a - a potion of flight {unknown}
 b - a potion of magic
 e - 2 potions of cancellation {unknown}
 f - a potion of might {unknown}
 g - 3 potions of heal wounds {unknown}
 i - a potion of degeneration {unknown}
 m - 2 potions of curing {unknown}


   Skills:
 - Level 2.4 Dodging
 - Level 2.4 Stealth
 + Level 5.5 Spellcasting
 + Level 5.9 Conjurations


You had one spell level left.
You knew the following spells:

 Your Spells              Type           Power      Damage    Failure   Level
a - Magic Dart            Conj           100%       1d8       1%          1
b - Searing Ray           Conj           72%        2d7       1%          2
c - Dazzling Flash        Conj/Hex       42%        N/A       7%          3
d - Fulminant Prism       Conj/Hex       10%        3d9       22%         4
e - Iskenderun's Mystic   Conj/Tloc      21%        2d6       22%         4

Your spell library contained the following spells:

 Spells                   Type           Power      Damage    Failure   Level
 Static Discharge         Conj/Air       42%        2-4/arc   3%          2
 Sticky Flame             Conj/Fire      21%        2d4       22%         4
 Spider Form              Tmut/Pois      6%         N/A       24%         3
 Alistair's Intoxication  Tmut/Pois      4%         N/A       91%         5


Dungeon Overview and Level Annotations

Branches:
Dungeon (4/15)
 Temple: D:4-7

Altars:

Annotations:
D:4 Pikel


Message History

Done exploring.
Done exploring.
Search for what [Enter for "."]? .
There is a stone staircase leading down here.
You climb downwards.
There is a stone staircase leading up here.
The magic dart hits the adder!
The adder is severely wounded.
The adder hisses angrily.
The magic dart hits the adder!
You kill the adder!
A lemure comes into view.
Found a stone staircase leading down.
The lemure shouts!
You hear a shout!
A lemure comes into view.
Casting: Magic Dart (safe; 1% risk of failure)
Confirm with . or Enter, or press ? or * to list all spells.
Aiming: Searing Ray (safe; 1% risk of failure)
Press: ? - help, Shift-Dir - straight line, f - lemure
Aim: a lemure (76% to hit)
The searing ray hits the lemure.
The lemure is lightly wounded.
The searing ray hits the lemure!
The lemure is moderately wounded. (Press . to maintain the ray.)
The lemure closely misses you.
The searing ray hits the lemure but does no damage.
The lemure is lightly wounded.
The searing ray hits the lemure.
The lemure is moderately wounded.
The lemure hits you!
Pikel, Merchant of Souls comes into view.
He is wielding a +1 whip of flaming and carrying a wand of mindburst (11).
The lemure attacks as you move away! The lemure hits you!
You open the door. The lemure hits you!
* * * LOW HITPOINT WARNING * * *
Found a battleaxe.
Found a stone staircase leading up.
The lemure attacks as you move away! The lemure hits you.
* * * LOW HITPOINT WARNING * * *
The lemure attacks as you move away! The lemure hits you!
You die...

##+ .....# #.)
#.....# #.< #.....#
#.. #.....# #..
#.....# #.. #.....#
######'##.....#####
.......@5........>.
........5......K...
...................
...................
...................
########......##+##
#......# #......#
#......#


You could see 2 lemures.

Vanquished Creatures
  Jessica (D:3)
  3 gnolls (D:3)
  4 adders
  A white imp (D:3)
  A worm (D:3)
  A dart slug (D:2)
  8 bats
  5 endoplasms
  3 giant cockroaches
  8 goblins
  4 hobgoblins
  4 jackals (D:3)
  2 kobolds
  A ball python (D:1)
  3 frilled lizards (D:1)
  4 rats
53 creatures vanquished.

Notes
Turn   | Place    | Note
-------+----------+-------------------------------------------
     0 | D:1      | Heoruswealwe the Deep Elf Conjurer began the quest for the
                  | Orb.
     0 | D:1      | Reached XP level 1. HP: 10/10 MP: 6/6
   390 | D:1      | Reached XP level 2. HP: 15/15 MP: 0/8
   458 | D:1      | Learned a level 2 spell: Searing Ray
  1035 | D:2      | Reached skill level 5 in Conjurations
  1035 | D:2      | Reached XP level 3. HP: 19/19 MP: 0/10
  1039 | D:2      | Learned a level 3 spell: Dazzling Flash
  1469 | D:1      | You fall into a shaft and drop 1 floor!
  1933 | D:3      | Reached XP level 4. HP: 21/24 MP: 6/12
  1940 | D:3      | Learned a level 4 spell: Fulminant Prism
  2045 | D:3      | Noticed Jessica
  2047 | D:3      | Killed Jessica
  2048 | D:3      | Reached skill level 5 in Spellcasting
  2128 | D:3      | Reached XP level 5. HP: 28/28 MP: 7/14
  2133 | D:3      | Learned a level 4 spell: Iskenderun's Mystic Blast
  2355 | D:3      | Identified a scroll of acquirement
  2357 | D:3      | Acquired Jor Zaebb's Parchment of Viperous Conjuration
  2395 | D:4      | Noticed a lemure
  2398 | D:4      | Noticed a lemure
  2403 | D:4      | Noticed Pikel
  2408 | D:4      | Mangled by a lemure

Illustrated notes

Levels and vault maps discovered:
D:1:      mushboom_english_gardens, layout_basic
D:2:      layout_basic
D:3:      layout_loops_ring, uniq_jessica
D:4:      layout_gridville, uniq_pikel

Skill      XL: |  1  2  3  4 |
---------------+-------------+-----
Spellcasting   | 4 5 |  5.5
Conjurations   | 5 |  5.9
Dodging        | |  2.4
Stealth        | |  2.4

Action                     |  1- 3 |  4- 6 || total
---------------------------+-------+-------++-------
  Melee: Unarmed           |     6 |       ||     6
   Cast: Magic Dart        |    79 |    23 ||   102
         Searing Ray       |     4 |     2 ||     6
    Use: Scroll            |       |     7 ||     7
 Armour: Robe              |     7 |       ||     7
  Dodge: Dodged            |    18 |     1 ||    19
